 Dungeon Crawl Stone Soup version 0.21-a0-128-gf2b353c (webtiles) character file.

49 Kurtz the Skirmisher (level 3, -1/29 HPs)
             Began as a Mummy Abyssal Knight on July 16, 2017.
             Was a Follower of Lugonu.
             Slain by a centaur (7 damage)
             ... on level 3 of the Dungeon.
             The game lasted 00:01:43 (1275 turns).

Kurtz the Skirmisher (Mummy Abyssal Knight)         Turns: 1275, Time: 00:01:43

Health: -1/29      AC:  9    Str: 16    XL:     3   Next: 51%
Magic:  4/4        EV:  6    Int: 11    God:    Lugonu [*.....]
Gold:   55         SH:  0    Dex: 11    Spells: 2/2 levels left

rFire    x . .     SeeInvis .   c - +0 glaive
rCold    + . .     Gourm    .   (shield currently unavailable)
rNeg     + + +     Faith    .   g - +0 chain mail (curse)
rPois    ∞         Spirit   .   (no helmet)
rElec    .         Reflect  .   (no cloak)
rCorr    .         Harm     .   d - +0 pair of gloves
MR       .....                  (no boots)
Stlth    ..........             (no amulet)
HPRegen  0.09/turn              (no ring)
MPRegen  0.09/turn              (no ring)

@: no status effects
A: no food or potions, fire vulnerability, cold resistance 1, negative energy
resistance 3, torment resistance, unbreathing
a: Depart the Abyss, Renounce Religion


You were on level 3 of the Dungeon.
You worshipped Lugonu.
Lugonu was aware of your devotion.
You were not hungry.

You visited 1 branch of the dungeon, and saw 3 of its levels.
You visited the Abyss 1 time.

You collected 55 gold pieces.

Inventory:

Hand Weapons
 a - a +1 mace
 c - a +0 glaive (weapon)
Armour
 b - a +0 leather armour
 d - a +0 pair of gloves (worn)
 g - a cursed +0 chain mail (worn)
Scrolls
 e - a scroll of amnesia {unknown}
 f - 2 scrolls of identify {unknown}


   Skills:
 - Level 3.0 Fighting
 - Level 1.5 Maces & Flails
 * Level 2.6 Polearms
 - Level 1.5 Armour
 - Level 0.7 Dodging
 - Level 1.5 Invocations


You had 2 spell levels left.
You didn't know any spells.

Dungeon Overview and Level Annotations

Branches:
Dungeon (3/15)

Altars:
Cheibriados
Qazlal
Wu Jian

Annotations:
D:2 Sigmund


Innate Abilities, Weirdness & Mutations

You do not eat or drink.
Your flesh is vulnerable to fire.
You are immune to poison.
Your flesh is cold resistant. (rC+)
You are immune to negative energy. (rN+++)
You are immune to unholy pain and torment.
You can survive without breathing.


Message History

The centaur is lightly wounded.
The centaur hits you. x3
You completely miss the centaur.
The centaur is lightly wounded.
The centaur hits you.
* * * LOW HITPOINT WARNING * * *
The centaur hits you.
* * * LOW HITPOINT WARNING * * *
You closely miss the centaur.
The centaur is lightly wounded.
The centaur barely misses you. x2
The centaur hits you but does no damage.
You completely miss the centaur.
The centaur is lightly wounded.
The centaur hits you but does no damage. x2
Unknown command.
You hit the centaur but do no damage.
The centaur is lightly wounded.
The centaur hits you!
You die...

#...#.......
#...#.......
#...#.......
#........(g.
#...#.......
#...#.......
####...#..c....
#....†(c######..
##.......@.......
#...........####.
...####.#..#.# !.
#<##....#
#..##.#.# ##.#
.#.. #.# .# ##
#.# .# ...


You could see a centaur.

Vanquished Creatures
  2 adders
  An ooze (D:1)
  A leopard gecko (D:2)
  4 goblins
  2 hobgoblins (D:1)
  4 kobolds
  4 bats (D:1)
  7 frilled lizards
  A rat (D:2)
26 creatures vanquished.

Vanquished Creatures (others)
  2 starspawn tentacles (Abyss:2)
2 creatures vanquished.

Grand Total: 28 creatures vanquished

Notes
Turn   | Place    | Note
-------+----------+-------------------------------------------
     0 | Abyss:1  | Kurtz the Mummy Abyssal Knight began the quest for the Orb.
     0 | Abyss:1  | Reached XP level 1. HP: 18/18 MP: 2/2
    60 | Abyss:1  | Noticed a water elemental
    95 | Abyss:2  | Noticed a tentacled starspawn
   105 | Abyss:2  | Noticed a smoke demon
   105 | Abyss:2  | Noticed a sixfirhy
   106 | D:1      | Escaped the Abyss
   401 | D:1      | Reached skill level 1 in Polearms
   428 | D:1      | Reached * piety under Lugonu
   448 | D:1      | Reached XP level 2. HP: 20/24 MP: 3/3
   860 | D:2      | Reached XP level 3. HP: 26/29 MP: 4/4
   965 | D:2      | Found a snail-covered altar of Cheibriados.
   965 | D:2      | Found an ornate altar of the Wu Jian Council.
   989 | D:2      | Found a stormy altar of Qazlal.
  1045 | D:2      | Noticed Sigmund
  1261 | D:3      | Noticed a centaur
  1275 | D:3      | Slain by a centaur

Vault maps used:
D:1:      dpeg_arrival_long_road, serial_park_tiny_pond
D:2:      gammafunk_temple_overflow_statue, grunt_qazlal_clouds, uniq_robin,
          uniq_sigmund
D:3:      kennysheep_okawaru_gauntlet, lemuel_crystal_altar

Skill      XL: |  1  2 |
---------------+-------+-----
Polearms       | 1 2 |  2.6
Fighting       | |  3.0
Maces & Flails | |  1.5
Armour         | |  1.5
Dodging        | |  0.7
Invocations    | |  1.5

Action                   || total
-------------------------++-------
Melee: Glaive            ||    78
Invok: Depart the Abyss  ||     1
Armor: Leather armour    ||    13
       Chain mail        ||    29
Dodge: Dodged            ||    43
